[ AOE2 MATCH · #473891877 ]
UnrankedBulgarians vs Koreans
Player's team · WIN
Rival team · LOSS
[ REPLAY ANALYSIS · EXTRACTED FROM THE RECORDED GAME ]
Feudal
9:17
Castle
24:38
Imperial
—
| APM avg | 68.4 |
| APM peak | 126 |
| eAPM avg | 29.4 |
| Villagers / military | 141 / 108 |
Focus
⚔️ 46.8% · 🌾 53.2%
Knight ×51 · Scout Cavalry ×28 · Konnik ×13 · Militia ×5 · Mangonel ×4 · Battering Ram ×4
Feudal
8:50
Castle
22:35
Imperial
—
| APM avg | 95.0 |
| APM peak | 137 |
| eAPM avg | 46.7 |
| Villagers / military | 140 / 124 |
Focus
⚔️ 41.6% · 🌾 58.4%
Fire Lancer ×71 · Archer ×40 · Spearman ×6 · War Wagon ×4 · Scout Cavalry ×2 · Militia ×1
Match map
Initial resources + every placement click. Lines = walls · curves = elevation contours. ◆ gold · ⬟ stone · ● berries · ✦ relic · ◌ wall gap
Your base
ItsJosh's base
Smoothed initial terrain · ◌ = detected wall gap · hover for details
Inputs per minute
— JOLIAT - - ItsJosh
Build order — JOLIAT
First 150 of 389 actions detected
| 0:01 | Create | Villager (Male) |
| 0:01 | Create | Villager (Male) |
| 0:02 | Build | House |
| 0:04 | Build | House |
| 0:08 | Create | Villager (Male) |
| 0:08 | Create | Villager (Male) |
| 0:08 | Create | Villager (Male) |
| 1:29 | Create | Villager (Male) |
| 2:01 | Create | Villager (Male) |
| 2:02 | Create | Villager (Male) |
| 2:13 | Build | Lumber Camp |
| 2:17 | Create | Villager (Male) |
| 2:17 | Create | Villager (Male) |
| 2:52 | Create | Villager (Male) |
| 2:52 | Create | Villager (Male) |
| 3:14 | Create | Villager (Male) |
| 3:15 | Create | Villager (Male) |
| 3:15 | Create | Villager (Male) |
| 3:33 | Build | House |
| 3:36 | Create | Villager (Male) |
| 3:36 | Create | Villager (Male) |
| 4:39 | Create | Villager (Male) |
| 4:39 | Create | Villager (Male) |
| 4:40 | Create | Villager (Male) |
| 4:40 | Create | Villager (Male) |
| 4:57 | Build | Barracks |
| 5:29 | Build | House |
| 5:38 | Build | House |
| 5:51 | Create | Villager (Male) |
| 5:51 | Create | Villager (Male) |
| 5:51 | Create | Villager (Male) |
| 5:51 | Create | Villager (Male) |
| 6:06 | Build | Palisade Wall |
| 6:43 | Build | Mill |
| 7:07 | Research | Feudal Age |
| 7:29 | Create | Militia |
| 7:29 | Create | Militia |
| 7:53 | Create | Militia |
| 7:54 | Create | Militia |
| 8:20 | Create | Militia |
| 8:35 | Build | House |
| 8:56 | Research | Loom |
| 9:10 | Build | Palisade Wall |
| 9:13 | Build | Palisade Wall |
| 9:17 | Age | Feudal Age |
| 9:19 | Research | Double-Bit Axe |
| 9:21 | Research | Horse Collar |
| 9:24 | Build | House |
| 9:27 | Build | Palisade Wall |
| 9:29 | Build | Palisade Wall |
| 9:33 | Build | Palisade Wall |
| 9:34 | Build | Palisade Wall |
| 9:46 | Create | Villager (Male) |
| 10:03 | Create | Villager (Male) |
| 10:04 | Create | Villager (Male) |
| 10:04 | Create | Villager (Male) |
| 10:28 | Create | Villager (Male) |
| 10:35 | Build | Farm |
| 10:35 | Build | Farm |
| 10:49 | Build | Stable |
| 10:55 | Create | Villager (Male) |
| 10:58 | Build | Farm |
| 11:12 | Create | Villager (Male) |
| 11:28 | Build | Farm |
| 11:30 | Build | Farm |
| 11:41 | Build | Building 796 |
| 11:43 | Build | House |
| 11:45 | Create | Scout Cavalry |
| 11:45 | Create | Scout Cavalry |
| 12:17 | Build | Farm |
| 12:18 | Create | Scout Cavalry |
| 12:26 | Build | House |
| 12:37 | Build | Farm |
| 12:44 | Create | Villager (Male) |
| 12:46 | Create | Villager (Male) |
| 12:57 | Build | Farm |
| 13:01 | Create | Villager (Male) |
| 13:05 | Build | Palisade Wall |
| 13:07 | Build | Palisade Wall |
| 13:19 | Create | Scout Cavalry |
| 13:22 | Create | Villager (Male) |
| 13:34 | Create | Villager (Male) |
| 13:40 | Create | Scout Cavalry |
| 13:52 | Build | Blacksmith |
| 13:55 | Build | House |
| 13:56 | Create | Villager (Male) |
| 14:19 | Create | Villager (Male) |
| 14:20 | Create | Scout Cavalry |
| 14:40 | Build | Mining Camp |
| 14:43 | Build | Farm |
| 14:44 | Build | Farm |
| 14:45 | Create | Villager (Male) |
| 14:47 | Build | Farm |
| 14:56 | Research | Forging |
| 15:00 | Build | House |
| 15:01 | Build | House |
| 15:21 | Create | Villager (Male) |
| 15:33 | Create | Scout Cavalry |
| 15:41 | Build | Stable |
| 15:48 | Build | Farm |
| 15:56 | Create | Scout Cavalry |
| 16:01 | Create | Scout Cavalry |
| 16:08 | Research | Scale Barding Armor |
| 16:10 | Build | House |
| 16:18 | Build | House |
| 16:20 | Build | Palisade Wall |
| 16:29 | Create | Villager (Male) |
| 16:31 | Create | Scout Cavalry |
| 16:39 | Create | Scout Cavalry |
| 16:41 | Build | Farm |
| 16:59 | Create | Villager (Male) |
| 16:59 | Create | Villager (Male) |
| 17:04 | Build | Lumber Camp |
| 17:23 | Research | Bloodlines |
| 17:23 | Create | Scout Cavalry |
| 17:34 | Create | Villager (Male) |
| 17:36 | Build | Farm |
| 17:38 | Build | Farm |
| 18:26 | Create | Villager (Male) |
| 18:27 | Create | Villager (Male) |
| 18:32 | Build | Farm |
| 18:35 | Build | House |
| 18:55 | Research | Wheelbarrow |
| 18:57 | Build | Farm |
| 18:57 | Create | Scout Cavalry |
| 18:58 | Create | Scout Cavalry |
| 19:14 | Create | Scout Cavalry |
| 19:17 | Build | Lumber Camp |
| 19:19 | Build | Farm |
| 19:24 | Create | Scout Cavalry |
| 19:38 | Build | Farm |
| 19:55 | Build | House |
| 19:56 | Build | House |
| 19:58 | Build | House |
| 20:00 | Build | House |
| 20:09 | Build | Building 796 |
| 20:19 | Build | Stable |
| 20:24 | Build | Building 490 |
| 20:31 | Create | Villager (Male) |
| 20:36 | Build | Farm |
| 20:37 | Build | Farm |
| 20:37 | Build | Farm |
| 20:55 | Create | Villager (Male) |
| 21:26 | Create | Villager (Male) |
| 21:29 | Build | Farm |
| 21:30 | Build | Farm |
| 21:58 | Research | Castle Age |
| 21:58 | Research | Castle Age |
| 22:00 | Create | Scout Cavalry |
| 22:13 | Create | Scout Cavalry |
Build order — ItsJosh
First 150 of 432 actions detected
| 0:00 | Create | Villager (Male) |
| 0:00 | Create | Villager (Male) |
| 0:01 | Build | House |
| 0:02 | Build | House |
| 0:07 | Create | Villager (Male) |
| 0:10 | Create | Villager (Male) |
| 1:24 | Create | Villager (Male) |
| 1:24 | Create | Villager (Male) |
| 1:44 | Build | Lumber Camp |
| 1:49 | Create | Villager (Male) |
| 2:24 | Create | Villager (Male) |
| 2:24 | Create | Villager (Male) |
| 2:49 | Create | Villager (Male) |
| 3:11 | Create | Villager (Male) |
| 3:39 | Create | Villager (Male) |
| 3:47 | Build | House |
| 4:01 | Create | Villager (Male) |
| 4:26 | Build | Mill |
| 4:32 | Create | Villager (Male) |
| 4:43 | Create | Villager (Male) |
| 5:03 | Create | Villager (Male) |
| 5:32 | Create | Villager (Male) |
| 5:59 | Research | Loom |
| 6:36 | Research | Feudal Age |
| 6:36 | Research | Feudal Age |
| 6:55 | Build | Barracks |
| 7:20 | Build | House |
| 7:21 | Build | Palisade Wall |
| 7:52 | Build | Mining Camp |
| 8:23 | Build | Palisade Wall |
| 8:24 | Build | Palisade Wall |
| 8:25 | Build | Palisade Wall |
| 8:26 | Build | Palisade Wall |
| 8:27 | Build | Palisade Wall |
| 8:29 | Build | Palisade Wall |
| 8:30 | Build | Palisade Wall |
| 8:37 | Create | Villager (Male) |
| 8:50 | Age | Feudal Age |
| 8:58 | Build | Archery Range |
| 9:04 | Create | Villager (Male) |
| 9:19 | Create | Villager (Male) |
| 9:46 | Create | Villager (Male) |
| 9:50 | Create | Archer |
| 9:55 | Build | Palisade Wall |
| 9:55 | Build | Palisade Wall |
| 9:56 | Build | Palisade Wall |
| 10:01 | Build | Palisade Wall |
| 10:02 | Build | Palisade Wall |
| 10:03 | Build | Palisade Wall |
| 10:14 | Create | Archer |
| 10:16 | Build | Blacksmith |
| 10:17 | Create | Villager (Male) |
| 10:27 | Build | Palisade Wall |
| 10:31 | Create | Archer |
| 10:45 | Build | House |
| 10:51 | Create | Villager (Male) |
| 10:52 | Build | Palisade Wall |
| 11:10 | Build | Farm |
| 11:11 | Create | Villager (Male) |
| 11:19 | Research | Fletching |
| 11:19 | Research | Fletching |
| 11:26 | Create | Villager (Male) |
| 11:36 | Create | Archer |
| 11:42 | Research | Double-Bit Axe |
| 11:53 | Build | Palisade Wall |
| 12:03 | Create | Archer |
| 12:07 | Build | Lumber Camp |
| 12:17 | Create | Villager (Male) |
| 12:23 | Create | Spearman |
| 12:25 | Build | House |
| 12:27 | Research | Town Watch |
| 12:33 | Create | Archer |
| 12:45 | Build | House |
| 12:52 | Create | Spearman |
| 12:55 | Create | Villager (Male) |
| 12:57 | Build | Farm |
| 12:58 | Build | Farm |
| 13:01 | Build | Palisade Wall |
| 13:05 | Build | Palisade Wall |
| 13:16 | Build | Palisade Wall |
| 13:16 | Create | Villager (Male) |
| 13:24 | Create | Spearman |
| 13:25 | Create | Archer |
| 13:35 | Build | House |
| 13:46 | Create | Archer |
| 13:52 | Create | Archer |
| 13:54 | Create | Villager (Male) |
| 14:23 | Create | Villager (Male) |
| 14:27 | Create | Villager (Male) |
| 14:32 | Build | Farm |
| 14:33 | Build | Farm |
| 14:41 | Create | Villager (Male) |
| 14:49 | Build | Farm |
| 14:51 | Build | Farm |
| 14:56 | Build | Stable |
| 15:04 | Create | Archer |
| 15:22 | Create | Archer |
| 15:24 | Create | Villager (Male) |
| 15:25 | Build | Farm |
| 15:29 | Build | Farm |
| 15:32 | Build | Farm |
| 15:39 | Build | House |
| 15:47 | Create | Villager (Male) |
| 15:52 | Create | Villager (Male) |
| 15:56 | Create | Scout Cavalry |
| 16:05 | Build | House |
| 16:05 | Build | House |
| 16:11 | Build | Farm |
| 16:16 | Build | Farm |
| 16:24 | Create | Scout Cavalry |
| 16:36 | Create | Villager (Male) |
| 16:38 | Create | Archer |
| 16:41 | Create | Villager (Male) |
| 16:47 | Build | Palisade Wall |
| 17:03 | Create | Villager (Male) |
| 17:11 | Build | Market |
| 17:31 | Create | Villager (Male) |
| 18:15 | Create | Villager (Male) |
| 18:16 | Build | Palisade Wall |
| 18:21 | Build | Farm |
| 18:31 | Build | Palisade Wall |
| 18:31 | Build | Palisade Wall |
| 18:31 | Build | Palisade Wall |
| 18:32 | Build | Palisade Wall |
| 18:32 | Build | Palisade Wall |
| 18:33 | Build | Palisade Wall |
| 19:02 | Create | Villager (Male) |
| 19:17 | Create | Spearman |
| 19:28 | Build | House |
| 19:29 | Build | House |
| 19:51 | Create | Spearman |
| 19:52 | Create | Archer |
| 19:55 | Research | Castle Age |
| 19:59 | Build | Archery Range |
| 20:02 | Create | Archer |
| 20:06 | Build | Palisade Wall |
| 20:11 | Build | Archery Range |
| 20:16 | Create | Spearman |
| 20:26 | Create | Archer |
| 20:30 | Research | Horse Collar |
| 20:31 | Research | Horse Collar |
| 20:43 | Create | Archer |
| 20:51 | Research | Gold Mining |
| 21:09 | Build | House |
| 21:20 | Create | Villager (Male) |
| 21:23 | Build | House |
| 21:28 | Build | House |
| 21:36 | Build | Palisade Gate |
| 21:55 | Create | Villager (Male) |
| 22:01 | Create | Archer |
Match timeline
| 4:57 | JOLIAT · first_building Barracks |
| 6:06 | JOLIAT · wall_segment Palisade Wall x5 |
| 6:55 | ItsJosh · first_building Barracks |
| 7:21 | ItsJosh · wall_segment Palisade Wall x1 |
| 8:23 | ItsJosh · wall_segment Palisade Wall x1 |
| 8:24 | ItsJosh · wall_segment Palisade Wall x1 |
| 8:25 | ItsJosh · wall_segment Palisade Wall x1 |
| 8:26 | ItsJosh · wall_segment Palisade Wall x1 |
| 8:27 | ItsJosh · wall_segment Palisade Wall x1 |
| 8:29 | ItsJosh · wall_segment Palisade Wall x1 |
| 8:30 | ItsJosh · wall_segment Palisade Wall x1 |
| 8:50 | ItsJosh · age_up feudal |
| 8:58 | ItsJosh · first_building Archery Range |
| 9:10 | JOLIAT · wall_segment Palisade Wall x1 |
| 9:13 | JOLIAT · wall_segment Palisade Wall x1 |
| 9:17 | JOLIAT · age_up feudal |
| 9:27 | JOLIAT · wall_segment Palisade Wall x1 |
| 9:29 | JOLIAT · wall_segment Palisade Wall x1 |
| 9:33 | JOLIAT · wall_segment Palisade Wall x1 |
| 9:34 | JOLIAT · wall_segment Palisade Wall x1 |
| 9:55 | ItsJosh · wall_segment Palisade Wall x1 |
| 9:55 | ItsJosh · wall_segment Palisade Wall x1 |
| 9:56 | ItsJosh · wall_segment Palisade Wall x1 |
| 10:01 | ItsJosh · wall_segment Palisade Wall x1 |
| 10:02 | ItsJosh · wall_segment Palisade Wall x1 |
| 10:03 | ItsJosh · wall_segment Palisade Wall x1 |
| 10:27 | ItsJosh · wall_segment Palisade Wall x1 |
| 10:49 | JOLIAT · first_building Stable |
| 10:52 | ItsJosh · wall_segment Palisade Wall x1 |
| 11:53 | ItsJosh · wall_segment Palisade Wall x1 |
| 13:01 | ItsJosh · wall_segment Palisade Wall x1 |
| 13:05 | ItsJosh · wall_segment Palisade Wall x9 |
| 13:05 | JOLIAT · wall_segment Palisade Wall x9 |
| 13:07 | JOLIAT · wall_segment Palisade Wall x10 |
| 13:16 | ItsJosh · wall_segment Palisade Wall x8 |
| 14:56 | ItsJosh · first_building Stable |
| 16:20 | JOLIAT · wall_segment Palisade Wall x2 |
| 16:47 | ItsJosh · wall_segment Palisade Wall x1 |
| 18:16 | ItsJosh · wall_segment Palisade Wall x2 |
| 18:31 | ItsJosh · wall_segment Palisade Wall x2 |
| 18:31 | ItsJosh · wall_segment Palisade Wall x1 |
| 18:31 | ItsJosh · wall_segment Palisade Wall x1 |
| 18:32 | ItsJosh · wall_segment Palisade Wall x1 |
| 18:32 | ItsJosh · wall_segment Palisade Wall x1 |
| 18:33 | ItsJosh · wall_segment Palisade Wall x1 |
| 18:42 | ItsJosh · first_market_buy 100 food |
| 18:42 | ItsJosh · first_market_sell 100 wood |
| 20:06 | ItsJosh · wall_segment Palisade Wall x1 |
| 22:35 | ItsJosh · age_up castle |
| 23:11 | JOLIAT · wall_segment Stone Wall x1 |
| 24:38 | JOLIAT · age_up castle |
| 25:11 | ItsJosh · wall_segment Palisade Wall x1 |
| 25:18 | ItsJosh · wall_segment Palisade Wall x9 |
| 29:48 | JOLIAT · first_building Siege Workshop |
| 34:26 | JOLIAT · first_building Krepost |
| 34:49 | ItsJosh · first_building Castle |
| 36:49 | JOLIAT · first_building Monastery |
| 39:52 | ItsJosh · resign |
[ AI ANALYSIS · 1 CREDIT ]
What really happened in this match?
Wolo.gg analyzes every decision: build order, eco, micro, common mistakes by bracket. Personalized analysis on WhatsApp or Discord in 30 seconds.
Civ guide
Bulgarians
Perfil
Jugador #2955183